 Dungeon Crawl Stone Soup version 0.17.0-24-gcfadda4 (webtiles) character file.

43 4thArraOfDagon the Ruffian (level 3, -1/29 HPs)
             Began as a Minotaur Transmuter on Nov 17, 2015.
             Slain by an orc wizard
             ... wielding a +0 dagger
              (5 damage)
             ... on level 4 of the Dungeon.
             The game lasted 00:02:40 (427 turns).

4thArraOfDagon the Ruffian (Minotaur Transmuter)     Turns: 427, Time: 00:02:40

Health: -1/29      AC:  6    Str: 14    XL:     3   Next: 37%
Magic:  4/4        EV: 11    Int: 11    God:
Gold:   53         SH:  0    Dex: 10    Spells: 2 memorised, 2 levels left

rFire  . . .     SeeInvis .       - Unarmed
rCold  . . .     Clarity  .     g - +0 ring mail
rNeg   . . .     SustAt   .     (no shield)
rPois  .         Gourm    .     (helmet restricted)
rElec  .         Spirit   .     (no cloak)
rCorr  .         Warding  .     i - +0 pair of gloves
rMut   .         Stasis   .     (no boots)
MR     .....                    k - amulet of regeneration
Stlth  ..........               (no ring)
                                (no ring)

@: confused, slowed, very slow, not resistant to hostile enchantments, extremely
unstealthy
A: retaliatory headbutt, horns 2
a: no special abilities


You were on level 4 of the Dungeon.
You were not hungry.

You visited 1 branch of the dungeon, and saw 4 of its levels.

You collected 53 gold pieces.

Inventory:

Missiles
 a - 12 arrows
Armour
 g - a +0 ring mail (worn)
 i - a +0 pair of gloves (worn)
Jewellery
 k - an amulet of regeneration (around neck)
Wands
 l - a wand of frost (29)
Scrolls
 e - 2 scrolls of remove curse
 m - a scroll of enchant armour
Potions
 b - 2 potions of magic
Books
 c - a book of Changes

   Spells                             Type                      Level
   a - Beastly Appendage              Transmutation                1
   b - Sticks to Snakes               Transmutation                2
   c - Spider Form                    Transmutation/Poison         3
   d - Ice Form                       Ice/Transmutation            4
   e - Blade Hands                    Transmutation                5
Comestibles
 d - 3 bread rations


   Skills:
 + Level 2.1 Fighting
 + Level 2.7 Dodging
 * Level 4.0 Unarmed Combat
 + Level 1.5 Spellcasting
 + Level 1.7 Transmutations


You had 2 spell levels left.
You knew the following spells:

 Your Spells              Type           Power        Failure   Level  Hunger
a - Beastly Appendage     Trmt           #.....       34%         1    ##.....
b - Sticks to Snakes      Trmt           #.........   50%         2    ###....


Dungeon Overview and Level Annotations

Branches:
Dungeon (4/15)
 Temple: D:4-7

Altars:
Qazlal

Annotations:
D:3 HungrySpirit's ghost, amateur GrSu
D:4 Sigmund


Innate Abilities, Weirdness & Mutations

You reflexively headbutt those who attack you in melee.
You have a pair of horns on your head.


Message History

You hear some strange, mumbled words.
You are confused.
Unknown command.
You miss something.
You hear some strange, mumbled words.
A puff of flame appears from out of thin air!
The puff of flame hits you!
* * * LOW HITPOINT WARNING * * *
You hear a zap.
You feel as though you will be slow longer.
Unknown command.
Unknown command.
You bump into the rock wall.
Something hits you.
* * * LOW HITPOINT WARNING * * *
You hear some strange, mumbled words.
A magic dart appears from out of thin air!
The magic dart hits you!
* * * LOW HITPOINT WARNING * * *
Something hits you.
You die...

##.## #..#_)..# .... ###
##...## #..###..###..#
...#..
#.....####.......##..#
.).... ....#..##........##.#
#..... .#.........####..#..#
....#
####................####...#
##.....................#
#[.##.....#.{#####..(.##
#.####..####@## ##....# #.#
##.# ##.# #....# ..# ..# #.#
#...#...# ... # ##
##.....####...# ### #.?...
### #..... #..... o..####
...#


There were no monsters in sight!

Vanquished Creatures
  An orc wizard (D:4)
  2 orcs (D:4)
  2 hobgoblins (D:2)
  4 jackals (D:4)
  A bat (D:1)
  A giant cockroach (D:1)
  3 kobolds
14 creatures vanquished.

Notes
Turn   | Place    | Note
--------------------------------------------------------------
     0 | D:1      | 4thArraOfDagon the Minotaur Transmuter began the quest for the Orb.
     0 | D:1      | Reached XP level 1. HP: 16/16 MP: 1/1
   203 | D:3      | Noticed HungrySpirit's ghost (amateur GrSu)
   239 | D:4      | Noticed Sigmund
   253 | D:4      | Reached XP level 2. HP: 24/24 MP: 3/3
   303 | D:4      | Learned a level 2 spell: Sticks to Snakes
   328 | D:3      | Noticed an orc wizard
   364 | D:4      | Found a stormy altar of Qazlal.
   375 | D:4      | Noticed an orc wizard
   375 | D:4      | Noticed an orc wizard
   401 | D:4      | Killed an orc wizard
   401 | D:4      | Reached skill level 4 in Unarmed Combat
   401 | D:4      | Reached XP level 3. HP: 27/29 MP: 2/4
   427 | D:4      | Slain by an orc wizard

Action                   || total
-------------------------++-------
Melee: Unarmed           ||    69
 Cast: Beastly Appendage ||     2
  Use: Scroll            ||     3
       Potion            ||     2
